 Dungeon Crawl Stone Soup version 0.32-a0-899-geb5ba95 (webtiles) character file.

Game seed: 13070854567400935126

5 Yulgok the Conjurer (level 1, 0/10 HPs)
             Began as a Deep Elf Conjurer on Apr 4, 2024.
             Killed from afar by Ijyb (10 damage)
             ... with a puff of flame
             ... on level 3 of the Dungeon.
             The game lasted 00:00:47 (320 turns).

Yulgok the Conjurer (Deep Elf Conjurer)              Turns: 320, Time: 00:00:48

Health: 0/10       AC:  2    Str:  4    XL:     1   Next: 66%
Magic:  0/7        EV: 11    Int: 22    God:
Gold:   25         SH:  0    Dex: 13    Spells: 6/7 levels left

rFire   . . .        (no weapon)
rCold   . . .        (no shield)
rNeg    . . .        a - +0 robe
rPois   .            (no helmet)
rElec   .            (no cloak)
rCorr   .            (no gloves)
SInv    .            (no boots)
Will    .....        e - amulet of regeneration
Stlth   ++           (no ring)
HPRegen 1.01/turn    (no ring)
MPRegen 0.10/turn

%: no passive effects
@: very slightly contaminated
A: no striking features
a: no special abilities


You were on level 3 of the Dungeon.
You visited 1 branch of the dungeon, and saw 3 of its levels.

You collected 25 gold pieces.

Inventory:

Armour
 a - a +0 robe (worn)
Jewellery
 e - an amulet of regeneration (around neck)
Scrolls
 d - a scroll of identify {unknown}
Potions
 b - a potion of magic
 c - a potion of berserk rage {unknown}
 f - a potion of haste {unknown}
 g - a potion of curing {unknown}


   Skills:
 - Level 2.4 Dodging
 - Level 2.4 Stealth
 + Level 3.6 Spellcasting
 - Level 4.3 Conjurations


You had 6 spell levels left.
You knew the following spells:

 Your Spells              Type           Power      Damage    Failure   Level
a - Magic Dart            Conj           92%        1d7       1%          1

Your spell library contained the following spells:

 Spells                   Type           Power      Damage    Failure   Level
 Searing Ray              Conj           46%        2d6       3%          2
 Fulminant Prism          Conj/Alch      6%         3d7       43%         4
 Iskenderun's Mystic Bla Conj/Tloc 13%            2d5        (+2d2     43%         4
 Dispersal                Tloc           2%         N/A       100%        6
 Gell's Gavotte           Tloc           2%         2d(12-18) 100%        6
 Manifold Assault         Tloc           2%         N/A       100%        7
 Disjunction              Tloc           2%         N/A       100%        8


Dungeon Overview and Level Annotations

Branches:
Dungeon (3/15)

Altars:

Annotations:
D:3 Ijyb


Message History

Casting: Magic Dart (safe; 1% risk of failure)
Confirm with . or Enter, or press ? or * to list all spells.
Aiming: Magic Dart (safe; 1% risk of failure)
Press: ? - help, Shift-Dir - straight line, f/p - Ijyb
Aim: Ijyb, wielding a +0 club, wearing a +0 ring mail and carrying a wand of flame (lightly wounded, 100% to hit)
You miscast Magic Dart.
You are very lightly contaminated with residual magic.
Nothing appears to happen.
Casting: Magic Dart (safe; 1% risk of failure)
Confirm with . or Enter, or press ? or * to list all spells.
Aiming: Magic Dart (safe; 1% risk of failure)
Press: ? - help, Shift-Dir - straight line, f/p - Ijyb
Aim: Ijyb, wielding a +0 club, wearing a +0 ring mail and carrying a wand of flame (lightly wounded, 100% to hit)
The magic dart hits Ijyb but does no damage.
Ijyb is lightly wounded.
Casting: Magic Dart (safe; 1% risk of failure)
Confirm with . or Enter, or press ? or * to list all spells.
Aiming: Magic Dart (safe; 1% risk of failure)
Press: ? - help, Shift-Dir - straight line, f/p - Ijyb
Aim: Ijyb, wielding a +0 club, wearing a +0 ring mail and carrying a wand of flame (lightly wounded, 100% to hit)
The magic dart hits Ijyb but does no damage.
Ijyb is lightly wounded.
Casting: Magic Dart (safe; 1% risk of failure)
Confirm with . or Enter, or press ? or * to list all spells.
Aiming: Magic Dart (safe; 1% risk of failure)
Press: ? - help, Shift-Dir - straight line, f/p - Ijyb
Aim: Ijyb, wielding a +0 club, wearing a +0 ring mail and carrying a wand of flame (lightly wounded, 100% to hit)
The magic dart hits Ijyb.
Ijyb is lightly wounded.
Casting: Magic Dart (safe; 1% risk of failure)
Confirm with . or Enter, or press ? or * to list all spells.
Aiming: Magic Dart (safe; 1% risk of failure)
Press: ? - help, Shift-Dir - straight line, f/p - Ijyb
Aim: Ijyb, wielding a +0 club, wearing a +0 ring mail and carrying a wand of flame (lightly wounded, 100% to hit)
The magic dart hits Ijyb but does no damage.
Ijyb is lightly wounded.
Ijyb zaps a wand.
The puff of flame hits you!
Ouch! That really hurt!
You die...
Ijyb moans, "Good help so hard to find!"

#. #........## ..
.....##...# .
..#...##...#
#.##........# ..
#...##..## #.. #..#
... #..# .# #.g# ###
#.@# ### #.# #..#
#.# #.#
######..####.#####.#
...................#
......#..###>#####.#
#######..# #.# #.#
#<.# #.# #.# #..#
#.# #.# #..# #.# #.#


You could see Ijyb.

Vanquished Creatures
  A goblin (D:1)
  A quokka (D:2)
  A bat (D:2)
  3 frilled lizards
6 creatures vanquished.

Notes
Turn   | Place    | Note
-------+----------+-------------------------------------------
     0 | D:1      | Yulgok the Deep Elf Conjurer began the quest for the Orb.
     0 | D:1      | Reached XP level 1. HP: 10/10 MP: 6/6
   300 | D:3      | Noticed Ijyb
   320 | D:3      | Killed from afar by Ijyb

Illustrated notes

Levels and vault maps discovered:
D:1:      dpeg_arrival_round_c, layout_basic,
          hellmonk_ecumenical_altar_leap_of_faith, hex_intersection
D:2:      layout_basic, minmay_pentomino_w2
D:3:      corexii_shack_village, layout_basic, zin_treasury, uniq_ijyb,
          uniq_natasha

Action                     || total
---------------------------++-------
  Melee: Unarmed           ||     1
   Cast: Magic Dart        ||    17
 Armour: Robe              ||     1
  Dodge: Dodged            ||     1

Table legend: (Time is in decaauts)
 A = Elapsed time spent in this place.
 B = Non-inter-level travel time spent in this place.
 C = Inter-level travel time spent in this place.
 D = Time resting spent in this place.
 E = Time spent auto-exploring this place.
 F = Levels seen in this place.
 G = Mean time per level.
                   A        B        C        D        E       F      G
               +--------+--------+--------+--------+--------+-----+--------+
         Total |    319 |    291 |     28 |      0 |    207 |   3 |  106.3 |
       Dungeon |    319 |    291 |     28 |      0 |    207 |   3 |  106.3 |
               +--------+--------+--------+--------+--------+-----+--------+

Top non-repeatable levels by time:
     D:2: 197 daAuts
     D:3: 84 daAuts
     D:1: 37 daAuts
